 Dungeon Crawl Stone Soup version 0.28-a0-1002-gf00fe891ef (webtiles) character file.

Game seed: 10287850747359699117

582 bande the Chopper (level 7, -9/44 HPs)
             Began as a Gargoyle Fighter on Dec 6, 2021.
             Mangled by an ogre (21 damage)
             ... on level 4 of the Dungeon.
             The game lasted 00:04:28 (2878 turns).

bande the Chopper (Gargoyle Fighter)                Turns: 2878, Time: 00:04:28

Health: -9/44      AC: 18    Str: 22    XL:     7   Next: 36%
Magic:  7/7        EV: 12    Int:  8    God:
Gold:   150        SH:  4    Dex:  9    Spells: 6/6 levels left

rFire   . . .      SeeInvis .   a - +0 war axe
rCold   . . .      Faith    .   c - +0 buckler
rNeg    + . .      Spirit   .   j - +0 chain mail
rPois   ∞          Reflect  .   (no helmet)
rElec   +          Harm     .   b - +1 cloak
rCorr   +          Rampage  .   (no gloves)
Will    .....                   h - +0 pair of boots
Stlth   ..........              e - amulet of regeneration
HPRegen 0.94/turn               f - +4 ring of evasion
MPRegen 0.10/turn               d - ring of resist corrosion

@: no status effects
A: sickness immunity, AC +4, negative energy resistance 1, electricity
resistance, torment resistance 1, petrification resistance
a: no special abilities


You were on level 4 of the Dungeon.
You visited 1 branch of the dungeon, and saw 4 of its levels.

You collected 150 gold pieces.

Inventory:

Hand Weapons
 a - a +0 war axe (weapon)
 l - a +0 flail of holy wrath
Armour
 b - a +1 cloak (worn)
 c - a +0 buckler (worn)
 h - a +0 pair of boots (worn)
 j - a +0 chain mail (worn)
Jewellery
 d - a ring of resist corrosion (right hand)
 e - an amulet of regeneration (around neck)
 f - a +4 ring of evasion (left hand)
Scrolls
 m - a scroll of enchant weapon {unknown}
Potions
 g - a potion of curing
 i - 2 potions of brilliance
 k - a potion of flight {unknown}


   Skills:
 + Level 4.5 Fighting
 + Level 5.1 Axes
 + Level 4.9 Armour
 - Level 0.3 Stealth
 + Level 4.7 Shields


You had 6 spell levels left.
You didn't know any spells.
Your spell library contained the following spells:

 Spells                   Type           Power      Damage    Failure   Level
 Ensorcelled Hibernation  Hex/Ice        0%         N/A       99%         2
 Tukima's Dance           Hex            0%         N/A       100%        3
 Summon Ice Beast         Ice/Summ       0%         N/A       100%        4
 Summon Mana Viper        Hex/Summ       0%         N/A       100%        5
 Monstrous Menagerie      Summ           0%         N/A       100%        7


Dungeon Overview and Level Annotations

Branches:
Dungeon (4/15)
 Temple: D:4-7

Altars:
Elyvilon
Kikubaaqudgha
Nemelex Xobeh
Wu Jian

Annotations:
D:4 3 runed translucent doors, CougarLife's ghost, amateur TrTm


Innate Abilities, Weirdness & Mutations

You are immune to sickness and miasma.
Your stone body is resilient. (AC +4)
You are immune to poison.
You resist negative energy. (rN+)
You are resistant to electric shocks. (rElec)
You are resistant to unholy torment.
You are immune to petrification.


Message History

No target in view!
No target in view!
No target in view!
HP restored.
An ogre comes into view. It is wielding a +0 giant club.
Found a white marble altar of Elyvilon.
The ogre shouts!
An ogre is nearby!
You now have 150 gold pieces (gained 8).
There are no items here.
A hobgoblin comes into view.
The hobgoblin shouts!
The hobgoblin moves out of view.
You hit the ogre but do no damage. The ogre barely misses you.
You hit the ogre but do no damage.
The ogre hits you with a +0 giant club!!
Ouch! That really hurt!
A scorpion comes into view.
You hit the ogre.
The ogre is lightly wounded.
The ogre hits you with a +0 giant club!
* * * LOW HITPOINT WARNING * * *
You hit the ogre.
The ogre is moderately wounded.
The ogre hits you with a +0 giant club!
* * * LOW HITPOINT WARNING * * *
You feel better.
You feel better. The hobgoblin barely misses you.
The ogre hits you with a +0 giant club!
* * * LOW HITPOINT WARNING * * *
You barely miss the ogre.
The ogre is moderately wounded.
You closely miss the hobgoblin. You block the hobgoblin's attack.
You block the ogre's attack. The hobgoblin hits you.
* * * LOW HITPOINT WARNING * * *
You slash the ogre!
The ogre is severely wounded.
Your chain mail prevents you from hitting the hobgoblin.
The ogre hits you with a +0 giant club!!
You die...

.≈≈≈.≈.#......###....#
≈...≈≈.#......##.....####
≈._.≈≈.#........._......#
≈...≈≈.#....##.....##...###
.≈≈≈.≈.#....##....###......
.....≈.#....##....###.....#
≈≈≈≈≈..#....#####.....)####
#.....#####.....)...#
#.sO@.........))#...#
##.g..........#.#.###
#.#..........>.#.#
..................#
..................##
#..#########.......# ....
.WO..O#.......# ....
.###..#.......# W+.......#


You could see 2 ogres, a scorpion, CougarLife's ghost and a hobgoblin.

Vanquished Creatures
  Sigmund (D:2)
  An ice beast (D:4)
  A phantom (D:4)
  3 orc priests
  A bullfrog skeleton (D:4)
  An orc wizard (D:3)
  4 gnolls (D:4)
  4 adders (D:2)
  A worm (D:2)
  2 dart slugs
  5 orcs
  An endoplasm (D:1)
  3 giant cockroaches
  4 goblins
  3 hobgoblins
  A kobold (D:2)
  2 quokkas
  4 ball pythons
  A bat (D:2)
  A frilled lizard (D:1)
  6 rats
50 creatures vanquished.

Notes
Turn   | Place    | Note
-------+----------+-------------------------------------------
     0 | D:1      | bande the Gargoyle Fighter began the quest for the Orb.
     0 | D:1      | Reached XP level 1. HP: 14/14 MP: 1/1
   274 | D:1      | Found a faded altar of an unknown god.
   302 | D:1      | Reached XP level 2. HP: 19/19 MP: 2/2
   880 | D:2      | Reached skill level 2 in Axes
   880 | D:2      | Reached XP level 3. HP: 23/23 MP: 3/3
  1119 | D:2      | Noticed Sigmund
  1127 | D:2      | Killed Sigmund
  1128 | D:2      | Reached skill level 3 in Axes
  1128 | D:2      | Reached XP level 4. HP: 29/29 MP: 4/4
  1128 | D:2      | Reached XP level 5. HP: 33/33 MP: 5/5
  1609 | D:3      | Found a sparkling altar of Nemelex Xobeh.
  1665 | D:2      | Reached skill level 4 in Axes
  1665 | D:2      | Reached XP level 6. HP: 14/38 MP: 6/6
  2206 | D:3      | Found an ancient bone altar of Kikubaaqudgha.
  2766 | D:4      | Found a runed translucent gate.
  2766 | D:4      | Found a runed translucent gate.
  2766 | D:4      | Found a runed translucent gate.
  2771 | D:4      | Noticed an orc warrior
  2773 | D:4      | Noticed CougarLife's ghost (amateur TrTm)
  2791 | D:4      | Reached XP level 7. HP: 37/44 MP: 7/7
  2812 | D:4      | Found an ornate altar of the Wu Jian Council.
  2850 | D:4      | Reached skill level 5 in Axes
  2864 | D:4      | Found a white marble altar of Elyvilon.
  2878 | D:4      | Mangled by an ogre

Illustrated notes

Levels and vault maps discovered:
D:1:      elethiomel_arrival_maze, layout_basic,
          dreamdust_ecumenical_altar_statues, minmay_pentomino_p2
D:2:      layout_loops_ring, uniq_sigmund
D:3:      layout_loops_corners, nicolae_kikubaaqudgha_miasma_corner,
          lemuel_tele_altar
D:4:      layout_rooms, grunt_temple_overflow_gold_and_silver,
          mainiacjoe_overflow_paths, nicolae_overflow_crystal_walls,
          cheibrodos_worm_habitat, gammafunk_ghost_split,
          hangedman_decor_clover_reticule

Skill      XL: |  1  2  3  4  5  6  7 |
---------------+----------------------+-----
Axes           | 2 3 4 5 |  5.1
Shields        | 4 |  4.7
Armour         | 4 |  4.9
Fighting       | 4 |  4.5
Stealth        | |  0.3

Action                   |  1- 3 |  4- 6 |  7- 9 || total
-------------------------+-------+-------+-------++-------
Melee: War axe           |    74 |   122 |    46 ||   242
  Use: Potion            |     1 |       |     2 ||     3
       Scroll            |       |     3 |       ||     3
Armor: Scale mail        |    33 |    15 |       ||    48
       Chain mail        |       |    63 |    23 ||    86
Dodge: Dodged            |    46 |    71 |    22 ||   139
Block: Buckler           |    16 |    31 |     9 ||    56

Table legend: (Time is in decaauts)
 A = Elapsed time spent in this place.
 B = Non-inter-level travel time spent in this place.
 C = Inter-level travel time spent in this place.
 D = Time resting spent in this place.
 E = Time spent auto-exploring this place.
 F = Levels seen in this place.
 G = Mean time per level.
                   A        B        C        D        E       F      G
               +--------+--------+--------+--------+--------+-----+--------+
         Total |   2959 |   2959 |      0 |    337 |   1903 |   4 |  739.8 |
       Dungeon |   2959 |   2959 |      0 |    337 |   1903 |   4 |  739.8 |
               +--------+--------+--------+--------+--------+-----+--------+

Top non-repeatable levels by time:
     D:2: 1118 daAuts
     D:3: 873 daAuts
     D:1: 827 daAuts
     D:4: 139 daAuts
